Map: [ESL] Oceanborn

Players

Solar - Winner!

  • Race: Zerg Zerg
  • Spawn Location: 11:00

SKillous

  • Race: Protoss Protoss
  • Spawn Location: 5:00

Event: ESL Spring 2024 Finals

VOD

Have the link to the VOD?

Description

Time

  • Played on: May 31, 2024, 1:57 p.m.
  • Length: 14:17

All games in this series

Show
View Real Time Build Order
Export as new Build Order

Solar Zerg - Winner!

Build Orders: Hatch First 

Get SALT Encoding   

  12  0:00  Drone  
  13  0:12  Overlord  
  13  0:16  Drone  
  14  0:36  Drone x2  
  16  0:48  Hatchery  
  15  0:51  Drone  
  15  0:55  Drone  
  17  0:59  Drone  
  18  1:10  Extractor  
  17  1:14  Spawning Pool  
  16  1:18  Drone  
  16  1:20  Drone  
  18  1:30  Drone  
  19  1:41  Drone  
  20  1:52  Overlord  
  20  2:01  Zergling x2, Queen x2  
  24  2:02  Zergling x2  
  26  2:13  Drone  
  26  2:14  Drone, Metabolic Boost  
  28  2:22  Drone  
  29  2:24  Drone  
  30  2:37  Hatchery  
  29  2:39  Zergling x2  
  30  2:44  Queen  
  30  2:49  Overlord  
  32  2:51  Drone  
  32  2:54  Drone  
  32  2:56  Drone  
  35  2:58  Zergling x2  
  36  3:07  Queen  
  36  3:08  Zergling x2  
  36  3:11  Zergling x2  
  40  3:13  Drone  
  40  3:14  Drone  
  40  3:17  Drone  
  43  3:20  Overlord  
  43  3:25  Drone  
  43  3:35  Overlord  
  43  3:38  Queen  
  44  3:43  Drone  
  45  3:50  Queen  
  45  3:53  Drone  
  45  3:54  Spore Crawler  
  45  3:55  Drone x6  
  51  3:59  Queen  
  51  4:02  Drone x2  
  53  4:06  Drone  
  53  4:07  Drone  
  53  4:09  Drone  
  56  4:11  Drone x2  
  56  4:15  Spore Crawler  
  57  4:18  Overlord  
  57  4:19  Drone  
  57  4:21  Drone  
  57  4:22  Drone  
  60  4:26  Evolution Chamber  
  60  4:28  Drone  
  60  4:31  Spore Crawler, Drone  
  59  4:34  Zergling x6  
  59  4:35  Zergling x2  
  64  4:39  Drone x3  
  64  4:42  Overlord  
  64  4:43  Zergling x2  
  68  4:48  Drone  
  68  4:50  Drone x2  
  68  4:52  Zerg Melee Weapons Level 1  
  71  4:53  Zergling x4  
  73  5:01  Drone x2, Roach Warren  
  73  5:05  Drone  
  73  5:06  Overlord  
  74  5:07  Drone x2  
  74  5:12  Zergling x8  
  77  5:23  Zergling x10  
  77  5:26  Overlord  
  78  5:36  Lair  
  78  5:40  Drone x9, Extractor  
  78  5:41  Extractor  
  84  5:47  Overlord  
  84  5:48  Drone x3  
  87  5:50  Drone, Extractor  
  87  5:51  Extractor  
  87  5:52  Drone  
  87  5:53  Drone  
  87  5:57  Overlord  
  87  5:58  Drone  
  87  6:01  Overlord  
  87  6:05  Zergling x2  
  87  6:06  Hatchery  
  87  6:08  Zergling x2  
  87  6:10  Zergling x6  
  84  6:14  Drone  
  84  6:15  Drone  
  86  6:19  Zergling x6  
  86  6:21  Drone  
  86  6:23  Zergling x6  
  93  6:25  Overlord  
  93  6:31  Drone  
  93  6:32  Pneumatized Carapace  
  94  6:34  Glial Reconstitution  
  94  6:36  Overseer, Roach x2  
  100  6:40  Roach x4  
  100  6:44  Overlord  
  106  6:53  Roach x7  
  120  6:55  Overlord  
  120  7:00  Overlord  
  119  7:03  Roach  
  119  7:08  Roach  
  123  7:11  Roach x2  
  126  7:19  Roach x8  
  142  7:23  Overlord  
  142  7:25  Zergling x2  
  144  7:30  Zergling x4  
  144  7:32  Zergling x6  
  148  7:37  Ravager x4  
  148  7:38  Overlord  
  148  7:42  Zergling x2  
  148  7:43  Zergling x4  
  155  7:44  Overlord  
  155  7:47  Overlord  
  155  7:55  Overlord  
  155  7:57  Zergling x20  
  165  8:01  Queen  
  165  8:02  Overlord  
  165  8:04  Ravager x5  
  165  8:05  Overlord  
  172  8:06  Overlord  
  172  8:07  Zergling x4  
  174  8:14  Zergling x6  
  174  8:15  Ravager  
  174  8:16  Ravager  
  178  8:20  Zergling x12  
  178  8:26  Roach x3  
  173  8:29  Roach  
  173  8:32  Roach x2  
  152  8:42  Roach x6  
  152  8:45  Zergling x2  
  152  8:46  Zergling x10  
  161  8:51  Zergling x10  
  156  8:59  Roach  
  156  9:01  Zergling x4  
  151  9:06  Roach x2  
  151  9:09  Zerg Missile Weapons Level 1  
  141  9:10  Roach  
  141  9:14  Roach x3  
  141  9:16  Zergling x4  
  146  9:22  Zergling x6  
  136  9:25  Zergling x14  
  136  9:26  Zergling x4  
  136  9:28  Zergling x2  
  145  9:33  Zergling x2  
  145  9:34  Zergling x2  
  144  9:39  Zergling x4  
  144  9:40  Baneling Nest  
  144  9:42  Roach x3  
  144  9:44  Hatchery  
  144  9:51  Zergling x8  
  136  9:54  Roach x2  
  136  9:55  Roach x4  
  136  9:58  Roach x4  
  141  10:00  Zergling x4  
  141  10:03  Zergling x2  
  135  10:09  Drone x4  
  135  10:12  Zergling x6  
  136  10:14  Ravager  
  136  10:15  Ravager x2  
  136  10:18  Roach  
  136  10:19  Roach  
  144  10:21  Zergling x2  
  144  10:25  Roach  
  141  10:29  Centrifugal Hooks  
  141  10:30  Zergling x2  
  141  10:31  Zergling x4  
  141  10:35  Drone x2, Zergling x2  
  146  10:40  Zergling x20  
  153  10:43  Zergling x6  
  153  10:49  Roach  
  152  10:55  Drone x3  
  152  10:56  Roach  
  156  10:59  Zergling x2  
  157  11:05  Drone  
  157  11:06  Spore Crawler, Zergling x8, Roach x3  
  157  11:07  Zergling x8  
  157  11:10  Ravager  
  157  11:11  Ravager x2  
  170  11:12  Overseer, Ravager x2  
  170  11:14  Zergling x6  
  170  11:15  Baneling  
  170  11:16  Baneling x2  
  174  11:19  Zerg Melee Weapons Level 2  
  174  11:22  Zergling x6  
  174  11:24  Zergling x4  
  170  11:27  Roach  
  170  11:28  Ravager x2, Roach  
  170  11:30  Roach  
  178  11:33  Ravager x2, Roach x2  
  178  11:35  Zergling x2  
  178  11:36  Zergling x4  
  178  11:39  Roach  
  187  11:40  Roach  
  187  11:43  Ravager  
  187  11:46  Zergling x12  
  187  11:47  Ravager x2  
  188  11:51  Roach x2  
  189  11:58  Zergling x12  
  189  11:59  Baneling x6  
  184  12:02  Zergling x8  
  184  12:03  Baneling x2  
  184  12:07  Zergling x10  
  188  12:11  Baneling x4  
  188  12:13  Zergling x6  
  188  12:15  Zergling x4  
  189  12:20  Roach x2  
  184  12:23  Roach x3  
  184  12:29  Queen x2  
  183  12:33  Roach  
  183  12:34  Roach x2  
  183  12:36  Roach x2  
  179  12:37  Zergling x2  
  179  12:42  Roach x3  
  179  12:46  Roach x2  
  179  12:47  Roach  
  179  12:49  Zergling x2  
  182  12:53  Zergling x2  
  182  12:55  Roach  
  182  12:56  Roach x5  
  182  12:59  Zergling x6  
  182  13:02  Zergling x6  
  182  13:04  Roach  
  173  13:08  Roach x3  
  173  13:14  Zergling x4  
  173  13:16  Ravager  
  173  13:18  Zergling x4  
  178  13:22  Zergling x2  
  178  13:23  Zergling x6  
  181  13:28  Zergling x10  
  181  13:30  Zergling x6  
  181  13:32  Zergling x2  
  181  13:34  Hatchery, Zergling x4  
  190  13:37  Baneling, Zergling x6  
  190  13:39  Zergling x2  
  194  13:43  Zergling x8  
  194  13:46  Zergling x2  
  195  13:53  Roach x2  
  195  13:54  Zergling x2, Roach x3  
  198  13:57  Zergling x2  
  198  13:58  Zergling x4  
Show
View Real Time Build Order
Export as new Build Order

SKillous Protoss 

Build Orders: 1 Gate Expand, Oracle Opening 

Get SALT Encoding   

  12  0:00  Probe  
  13  0:12  Probe  
  14  0:19  Pylon  
  14  0:24  Probe (Chrono Boost)  
  15  0:37  Probe (Chrono Boost)  
  15  0:40  Gateway  
  16  0:45  Probe (Chrono Boost)  
  17  0:50  Assimilator  
  17  0:52  Probe  
  18  1:04  Probe  
  19  1:16  Probe  
  20  1:27  Nexus  
  20  1:37  Cybernetics Core  
  20  1:40  Probe  
  20  1:46  Assimilator  
  21  1:52  Probe  
  22  1:55  Pylon  
  22  2:04  Probe  
  23  2:10  Adept (Chrono Boost)  
  25  2:16  Probe  
  26  2:25  Stargate  
  26  2:29  Warp Gate, Probe (Chrono Boost)  
  27  2:31  Adept (Chrono Boost)  
  29  2:39  Probe (Chrono Boost)  
  31  2:46  Probe (Chrono Boost)  
  31  2:48  Probe (Chrono Boost)  
  32  2:53  Adept, Probe x2 (Chrono Boost)  
  36  3:04  Probe  
  36  3:05  Oracle (Chrono Boost), Probe  
  41  3:13  Pylon  
  41  3:17  Probe x2  
  43  3:29  Probe  
  43  3:30  Probe  
  45  3:36  Oracle (Chrono Boost)  
  45  3:41  Probe  
  49  3:42  Probe  
  50  3:53  Probe  
  50  3:55  Probe  
  50  3:57  Nexus  
  50  4:00  Pylon  
  48  4:03  Gateway  
  48  4:05  Probe  
  48  4:06  Oracle  
  48  4:07  Probe  
  53  4:11  Assimilator  
  53  4:16  Assimilator, Pylon  
  53  4:17  Probe  
  53  4:20  Adept  
  53  4:21  Probe (Chrono Boost)  
  57  4:29  Twilight Council  
  58  4:33  Probe (Chrono Boost)  
  58  4:34  Probe (Chrono Boost)  
  59  4:41  Probe (Chrono Boost)  
  59  4:42  Adept  
  59  4:44  Probe (Chrono Boost)  
  59  4:45  Forge  
  63  4:47  Probe (Chrono Boost)  
  64  4:58  Gateway x2  
  64  4:59  Probe (Chrono Boost)  
  66  5:00  Probe (Chrono Boost)  
  66  5:02  Adept  
  66  5:05  Probe (Chrono Boost)  
  70  5:07  Probe (Chrono Boost)  
  70  5:09  Probe (Chrono Boost)  
  70  5:10  Adept  
  73  5:14  Probe  
  73  5:16  Shield Battery  
  73  5:18  Probe  
  73  5:21  Probe  
  72  5:24  Adept  
  72  5:27  Probe (Chrono Boost)  
  71  5:29  Protoss Ground Weapons Level 1 (Chrono Boost)  
  71  5:32  Probe (Chrono Boost)  
  71  5:33  Probe (Chrono Boost)  
  70  5:36  Stalker  
  70  5:39  Blink (Chrono Boost)  
  70  5:41  Probe (Chrono Boost)  
  73  5:44  Probe (Chrono Boost)  
  73  5:46  Stalker  
  73  5:48  Pylon, Probe (Chrono Boost)  
  73  5:49  Probe (Chrono Boost)  
  76  5:50  Pylon  
  76  5:51  Probe (Chrono Boost)  
  76  5:54  Stalker x2  
  76  5:55  Probe (Chrono Boost)  
  76  5:56  Probe  
  82  6:01  Assimilator x2  
  82  6:02  Probe  
  84  6:06  Probe  
  84  6:08  Probe  
  80  6:11  Stalker  
  80  6:12  Adept  
  80  6:14  Probe  
  80  6:18  Probe  
  86  6:20  Templar Archives  
  86  6:21  Pylon  
  87  6:26  Robotics Facility  
  87  6:27  Pylon  
  87  6:29  Stalker  
  87  6:31  Stalker  
  90  6:35  Pylon  
  90  6:38  Stalker x2  
  94  6:48  Gateway  
  94  6:50  Gateway  
  94  6:51  Pylon, Psionic Storm  
  94  7:00  Stalker x2  
  98  7:08  Probe  
  98  7:12  Gateway  
  98  7:14  Gateway, Immortal (Chrono Boost)  
  99  7:16  Stalker x2, Pylon  
  99  7:22  Pylon  
  107  7:24  High Templar x2  
  111  7:38  Shield Battery  
  111  7:40  Pylon, Photon Cannon  
  111  7:41  Gateway, Stalker x2  
  111  7:43  Gateway  
  111  7:44  Photon Cannon  
  115  7:47  High Templar x2, Probe  
  115  7:50  Immortal (Chrono Boost)  
  124  8:02  Nexus  
  124  8:07  Shield Battery  
  124  8:09  Photon Cannon  
  124  8:14  Shield Battery  
  124  8:15  Stalker  
  124  8:16  Stalker  
  124  8:17  Sentry  
  130  8:20  Shield Battery  
  130  8:22  Archon  
  128  8:31  Archon  
  114  8:35  Stalker x2  
  114  8:39  Stalker  
  115  8:47  Stalker x5  
  115  8:48  Immortal  
  123  8:52  Stalker x2  
  108  8:59  Stalker x2  
  94  9:15  Stalker x2  
  94  9:16  Stalker x2, Probe  
  97  9:26  Stalker x2  
  97  9:28  Probe (Chrono Boost)  
  97  9:30  Stalker  
  104  9:31  Probe (Chrono Boost)  
  104  9:38  Probe (Chrono Boost)  
  106  9:39  Zealot x2  
  106  9:50  Stalker x2  
  106  9:53  Probe  
  106  9:54  Probe x2  
  106  10:03  Stalker  
  106  10:04  High Templar x3  
  113  10:08  Warp Prism  
  113  10:11  Probe (Chrono Boost)  
  116  10:18  Pylon  
  116  10:20  Protoss Ground Weapons Level 2 (Chrono Boost), Probe x2 (Chrono Boost)  
  116  10:21  High Templar x2  
  123  10:22  Probe (Chrono Boost)  
  123  10:27  Probe (Chrono Boost)  
  123  10:28  Probe x2 (Chrono Boost)  
  126  10:38  Stalker x2  
  126  10:50  Stalker x4  
  134  10:59  Stalker x2  
  134  11:03  Zealot  
  140  11:11  Pylon  
  140  11:13  Pylon  
  140  11:14  Pylon  
  138  11:26  High Templar  
  138  11:27  Pylon  
  138  11:30  Zealot x4  
  148  11:34  High Templar  
  148  11:35  High Templar x2  
  154  11:42  Archon x2  
  154  11:43  Zealot x2  
  158  12:00  Zealot x3, High Templar x2  
  166  12:04  Archon  
  162  12:09  Zealot x5  
  162  12:12  Pylon  
  162  12:14  Pylon  
  172  12:22  Archon  
  140  12:33  Stalker x5  
  89  12:58  Stalker x3  
  89  12:59  Stalker x3  
  89  13:04  Stalker  
  91  13:09  Probe x3 (Chrono Boost)  
  92  13:14  High Templar x3  
  92  13:18  Probe (Chrono Boost)  
  99  13:20  Probe (Chrono Boost)  
  99  13:22  High Templar  
  102  13:28  Probe  
  102  13:30  High Templar  
  102  13:32  Shield Battery  
  105  13:35  Probe  
  106  13:42  Zealot x3  
  106  13:46  Zealot  
  93  13:58  Stalker x2  
  88  14:07  Archon  
  88  14:08  Stalker x2  
  88  14:09  Stalker  
Tags
 
Add a new tag
Caveats
  • Supply blocks, unpowered buildings, or Contaminate may cause inaccurate times.
  • Supply counts are checked every 10 seconds.